Capitals vs Penguins
Created - June 7, 2023 at 20:07
Goals
|
| Capitals |
2 |
0 |
1 |
3 |
| Penguins |
0 |
1 |
0 |
1 |
|
Shots
|
| Capitals |
16 |
12 |
8 |
36 |
| Penguins |
15 |
10 |
9 |
34 |
|
1st period
1. Capitals , Blake Pietila 1 (Shea Theodore 1, Cody Hodgson 1) at 3:34
2. Capitals , Patrick Kane 1 (Taylor Hall 1, Nicklas Backstrom 1) at 11:41 (PP)
Penalties :
Marcus Johansson (Pit) for Interference (Minor) at 3:37, Anze Kopitar (Pit) for Holding Stick (Minor) at 7:13, Brendan Gallagher (Pit) for High sticking (Minor) at 11:31
2nd period
3. Penguins , Cal Clutterbuck 1 (Brandon Tanev 1, Oscar Klefbom 1) at 9:13
Penalties :
Anze Kopitar (Pit) for Slashing (Minor) at 1:03
3rd period
4. Capitals , Jeff Skinner 1 (Shea Theodore 2, Alexei Marchenko 1) at 6:30
Penalties :
Brandon Tanev (Pit) for Holding (Minor) at 11:09, Brandon Tanev (Pit) for Interference (Minor) at 16:57
Goalie Stats
Cory Schneider (Was), 33 saves from 34 shots - (0.971), W, 1-0-0, 60:00 minutes
Andrei Vasilevskiy (Pit), 33 saves from 36 shots - (0.917), L, 0-1-0, 60:00 minutes
Players Stats for Capitals
Player Name G A P +/- PIM S H SB GA TA FO MP PP MP PK MP
------------------------------------------------------------------------------------
Alexei Marchenko 0 1 1 1 0 0 0 0 0 0 0/0 19:33 4:19 0:00
Blake Pietila 1 0 1 0 0 2 1 0 1 1 1/4 19:06 4:40 0:00
Bobby Ryan 0 0 0 0 0 2 2 0 0 0 1/1 15:13 4:40 0:00
Brandon Burlon 0 0 0 0 0 0 0 3 0 1 0/0 13:16 0:00 0:00
Brandon Gormley 0 0 0 0 0 5 0 1 0 1 0/0 27:01 5:46 0:00
Cody Hodgson 0 1 1 0 0 3 3 1 0 0 9/15 18:44 4:40 0:00
Jared Spurgeon 0 0 0 0 0 1 0 1 0 0 0/0 13:10 0:00 0:00
Jeff Skinner 1 0 1 1 0 1 1 0 1 1 0/0 9:21 0:01 0:00
Joe Colborne 0 0 0 0 0 0 0 1 0 0 4/6 10:42 0:04 0:00
Jujhar Khaira 0 0 0 0 0 1 2 0 0 0 1/2 10:04 0:00 0:00
Mike Green 0 0 0 0 0 1 1 0 0 1 0/0 27:01 5:46 0:00
Nicklas Backstrom 0 1 1 0 0 6 2 0 0 1 16/29 21:53 5:21 0:00
Patrick Kane 1 0 1 0 0 8 3 1 1 0 1/1 21:53 5:24 0:00
Phil Kessel 0 0 0 0 0 2 0 0 0 0 0/0 14:13 0:01 0:00
Sergey Kalinin 0 0 0 1 0 0 1 1 0 0 1/4 8:41 0:00 0:00
Shea Theodore 0 2 2 1 0 2 0 0 0 0 0/0 19:35 4:19 0:00
Steve Downie 0 0 0 1 0 0 3 0 0 0 0/0 8:41 0:00 0:00
Taylor Hall 0 1 1 0 0 2 1 0 0 3 1/2 21:53 5:24 0:00
Players Stats for Penguins
Player Name G A P +/- PIM S H SB GA TA FO MP PP MP PK MP
------------------------------------------------------------------------------------
Anze Kopitar 0 0 0 -1 4 6 2 0 1 0 14/29 19:19 0:00 3:29
Ben Lovejoy 0 0 0 -1 0 0 1 0 0 0 0/0 12:24 0:00 0:00
Brandon Tanev 0 1 1 1 4 2 1 0 1 1 0/0 12:01 0:00 0:00
Brendan Gallagher 0 0 0 -1 2 4 4 0 0 0 1/2 14:04 0:00 0:00
Cal Clutterbuck 1 0 1 1 0 2 1 0 0 0 0/2 17:15 0:00 5:43
Danny DeKeiser 0 0 0 0 0 1 0 3 0 0 0/0 27:14 0:00 6:13
Derek Stepan 0 0 0 -1 0 7 1 0 2 0 8/12 16:42 0:00 2:56
JT Compher 0 0 0 0 0 2 0 0 0 0 0/0 7:50 0:00 0:00
Justin Schultz 0 0 0 0 0 1 0 2 1 0 0/0 20:22 0:00 3:52
Keith Aulie 0 0 0 0 0 0 1 0 3 1 0/0 27:14 0:00 6:13
Marcus Foligno 0 0 0 -1 0 5 2 1 0 0 0/1 19:26 0:00 2:45
Marcus Johansson 0 0 0 -1 2 1 1 0 0 0 0/1 15:30 0:00 1:23
Max Reinhart 0 0 0 1 0 2 0 0 0 0 4/8 15:23 0:00 3:26
Nick Leddy 0 0 0 -1 0 0 2 2 0 0 0/0 12:24 0:00 0:00
Oscar Klefbom 0 1 1 0 0 0 0 0 0 1 0/0 20:22 0:00 3:52
Pavel Zacha 0 0 0 0 0 1 1 1 0 0 0/0 8:04 0:00 0:14
Sebastian Aho 0 0 0 0 0 0 0 0 0 0 2/7 8:05 0:00 0:14
Timo Meier 0 0 0 -1 0 0 2 0 1 0 0/2 16:10 0:00 0:00
3 Stars
1 - Cory Schneider (Was)
2 - Patrick Kane (Was)
3 - Jeff Skinner (Was)
Power Play
Capitals - 1 on 6 Attempt(s) - 16.67%
Penguins - 0 on 0 Attempt(s) - 0.00%
Penalty Kill
Capitals - 0 on 0 Attempt(s) - 0.00%
- Score 0 goal in Penalty Kill
Penguins - 5 on 6 Attempt(s) - 83.33%
- Score 0 goal in Penalty Kill
Team Stat
Capitals - Hits : 20 - Faceoff Wins : 35 - Blocked Shots : 9 - Penalty Minutes : 0
Penguins - Hits : 19 - Faceoff Wins : 29 - Blocked Shots : 9 - Penalty Minutes : 12
Official
Referees : Dan O'Rourke and Frederick L'Ecuyer
Linesman : Kory Nagy and Derek Amell
Game Notes
0:10 of 2nd period - Capitals goal is going for a video replay. After video review, No Goal. The attacking player has interfered with a goalkeeper in his goal crease.
5:53 of 2nd period - Penguins goal is going for a video replay. After video review, No Goal. The attacking player has interfered with a goalkeeper in his goal crease.
Finance
Level 1 -- Attendance: 6000 (100.00%) -- Ticket Income $600,000
Level 2 -- Attendance: 5000 (100.00%) -- Ticket Income $300,000
Level 3 -- Attendance: 2000 (100.00%) -- Ticket Income $70,000
Level 4 -- Attendance: 4000 (100.00%) -- Ticket Income $100,000
Luxury Box -- Attendance: 1000 (100.00%) -- Ticket Income $200,000
Game was played at the PPG Paint Arena.
Total Attendance: 18000 (100.00%)
Total Ticket Income: $1,270,000
Other Income: $190,500
Total Income: $1,460,500
Capitals
5 vs 5 Forward
Center Left Wing Right Wing Time % Phy DF OF
1 Nicklas Backstrom Taylor Hall Patrick Kane 35 0 0 5
2 Cody Hodgson Blake Pietila Phil Kessel 30 0 0 5
3 Joe Colborne Jujhar Khaira Bobby Ryan 20 0 1 4
4 Sergey Kalinin Jeff Skinner Steve Downie 15 0 2 3
5 vs 5 Defense
Defense Defense Time % Phy DF OF
1 Brandon Gormley Mike Green 40 0 2 3
2 Alexei Marchenko Shea Theodore 30 0 3 2
3 Brandon Burlon Jared Spurgeon 20 0 3 2
4 Brandon Gormley Mike Green 10 0 2 3
PowerPlay Forward
Center Left Wing Right Wing Time % Phy DF OF
1 Nicklas Backstrom Taylor Hall Patrick Kane 60 0 0 5
2 Cody Hodgson Blake Pietila Bobby Ryan 40 0 0 5
PowerPlay Defense
Defense Defense Time % Phy DF OF
1 Brandon Gormley Mike Green 60 0 1 4
2 Alexei Marchenko Shea Theodore 40 0 2 3
Penalty Kill 4 Players Forward
Center Wing Time % Phy DF OF
1 Sergey Kalinin Patrick Kane 60 0 4 1
2 Joe Colborne Jujhar Khaira 40 0 4 1
Penalty Kill 4 Players Defense
Defense Defense Time % Phy DF OF
1 Alexei Marchenko Mike Green 60 0 4 1
2 Brandon Gormley Brandon Burlon 40 0 4 1
Penalty Kill - 3 Players Forward
Forward Time % Phy DF OF
1 Patrick Kane 60 0 5 0
2 Sergey Kalinin 40 0 5 0
Penalty Kill - 3 Players Defense
Defense Defense Time % Phy DF OF
1 Alexei Marchenko Mike Green 60 0 5 0
2 Brandon Burlon Brandon Gormley 40 0 5 0
4 vs 4 Forward
Center Wing Time % Phy DF OF
1 Patrick Kane Taylor Hall 60 0 0 5
2 Nicklas Backstrom Cody Hodgson 40 0 0 5
4 vs 4 Defense
Defense Defense Time % Phy DF OF
1 Brandon Gormley Mike Green 60 0 2 3
2 Alexei Marchenko Shea Theodore 40 0 2 3
Last Minutes Offensive
Center Left Wing Right Wing Defense Defense
Nicklas Backstrom Taylor Hall Patrick Kane Brandon Gormley Mike Green
Last Minutes Defensive
Center Left Wing Right Wing Defense Defense
Sergey Kalinin Blake Pietila Patrick Kane Mike Green Alexei Marchenko
Goaltenders
Starting : Cory Schneider
Backup : Chet Pickard
Extra Forwards
Normal : Patrick Kane, Taylor Hall, Nicklas Backstrom - PP : Taylor Hall, Patrick Kane - PK : Patrick Kane
Extra Defensemen
Normal : Brandon Gormley, Mike Green, Alexei Marchenko - PP : Mike Green - PK : Alexei Marchenko, Mike Green
Penalty Shots
Cody Hodgson, Taylor Hall, Patrick Kane, Phil Kessel, Bobby Ryan
Scratches
None
Penguins
5 vs 5 Forward
Center Left Wing Right Wing Time % Phy DF OF
1 Anze Kopitar Timo Meier Marcus Foligno 40 1 2 2
2 Derek Stepan Marcus Johansson Brendan Gallagher 30 1 2 2
3 Max Reinhart Brandon Tanev Cal Clutterbuck 20 1 2 2
4 Sebastian Aho Pavel Zacha JT Compher 10 1 2 2
5 vs 5 Defense
Defense Defense Time % Phy DF OF
1 Danny DeKeiser Keith Aulie 40 1 2 2
2 Oscar Klefbom Justin Schultz 30 1 2 2
3 Nick Leddy Ben Lovejoy 20 1 2 2
4 Danny DeKeiser Keith Aulie 10 1 2 2
PowerPlay Forward
Center Left Wing Right Wing Time % Phy DF OF
1 Anze Kopitar Marcus Johansson Brendan Gallagher 60 1 2 2
2 Derek Stepan Timo Meier Marcus Foligno 40 1 2 2
PowerPlay Defense
Defense Defense Time % Phy DF OF
1 Danny DeKeiser Keith Aulie 60 1 2 2
2 Oscar Klefbom Justin Schultz 40 1 2 2
Penalty Kill 4 Players Forward
Center Wing Time % Phy DF OF
1 Anze Kopitar Cal Clutterbuck 60 1 2 2
2 Max Reinhart Marcus Foligno 40 1 2 2
Penalty Kill 4 Players Defense
Defense Defense Time % Phy DF OF
1 Danny DeKeiser Keith Aulie 60 1 2 2
2 Oscar Klefbom Justin Schultz 40 1 2 2
Penalty Kill - 3 Players Forward
Forward Time % Phy DF OF
1 Cal Clutterbuck 60 1 2 2
2 Max Reinhart 40 1 2 2
Penalty Kill - 3 Players Defense
Defense Defense Time % Phy DF OF
1 Danny DeKeiser Keith Aulie 60 1 2 2
2 Oscar Klefbom Justin Schultz 40 1 2 2
4 vs 4 Forward
Center Wing Time % Phy DF OF
1 Anze Kopitar Brendan Gallagher 60 1 2 2
2 Derek Stepan Marcus Johansson 40 1 2 2
4 vs 4 Defense
Defense Defense Time % Phy DF OF
1 Danny DeKeiser Keith Aulie 60 1 2 2
2 Oscar Klefbom Justin Schultz 40 1 2 2
Last Minutes Offensive
Center Left Wing Right Wing Defense Defense
Anze Kopitar Timo Meier Brendan Gallagher Danny DeKeiser Keith Aulie
Last Minutes Defensive
Center Left Wing Right Wing Defense Defense
Max Reinhart Brandon Tanev Cal Clutterbuck Danny DeKeiser Keith Aulie
Goaltenders
Starting : Andrei Vasilevskiy
Backup : Jonathan Quick
Extra Forwards
Normal : Brendan Gallagher, Marcus Johansson, Cal Clutterbuck - PP : Brendan Gallagher, Marcus Johansson - PK : Anze Kopitar
Extra Defensemen
Normal : Danny DeKeiser, Justin Schultz, Ben Lovejoy - PP : Nick Leddy - PK : Danny DeKeiser, Justin Schultz
Penalty Shots
Anze Kopitar, Derek Stepan, Brendan Gallagher, Marcus Johansson, Timo Meier
Scratches
Paul Stastny (Healthy), Vladimir Mihalik (Healthy)
% Time on Ice - Capitals
Lines # - Real PCT - Wanted PCT - Time Play
Normal Forward
1 - 35% - 35% - 17:25
2 - 28% - 30% - 13:45
3 - 20% - 20% - 10:04
4 - 17% - 15% - 8:41
Normal Defense
1 - 37% - 40% - 18:36
2 - 31% - 30% - 15:24
3 - 26% - 20% - 13:10
4 - 6% - 10% - 2:45
PP Forward
1 - 54% - 60% - 5:25
2 - 46% - 40% - 4:40
PP Defense
1 - 57% - 60% - 5:46
2 - 43% - 40% - 4:19
PK Forward
1 - 0% - 60%
2 - 0% - 40%
PK Defense
1 - 0% - 60%
2 - 0% - 40%
PK3 Forward
1 - 0% - 60%
2 - 0% - 40%
PK3 Defense
1 - 0% - 60%
2 - 0% - 40%
44 Forward
1 - 0% - 60%
2 - 0% - 40%
44 Defense
1 - 0% - 60%
2 - 0% - 40%
Last Minute Offensive - 0:00
Last Minute Defensive - 0:00
Total
Forward - 60:00
Defense - 60:00
|
% Time on Ice - Penguins
Lines # - Real PCT - Wanted PCT - Time Play
Normal Forward
1 - 33% - 40% - 16:34
2 - 28% - 30% - 14:11
3 - 23% - 20% - 11:20
4 - 16% - 10% - 7:50
Normal Defense
1 - 38% - 40% - 18:48
2 - 33% - 30% - 16:30
3 - 25% - 20% - 12:24
4 - 4% - 10% - 2:13
PP Forward
1 - 0% - 60%
2 - 0% - 40%
PP Defense
1 - 0% - 60%
2 - 0% - 40%
PK Forward
1 - 73% - 60% - 7:20
2 - 27% - 40% - 2:45
PK Defense
1 - 62% - 60% - 6:13
2 - 38% - 40% - 3:52
PK3 Forward
1 - 0% - 60%
2 - 0% - 40%
PK3 Defense
1 - 0% - 60%
2 - 0% - 40%
44 Forward
1 - 0% - 60%
2 - 0% - 40%
44 Defense
1 - 0% - 60%
2 - 0% - 40%
Last Minute Offensive - 0:00
Last Minute Defensive - 0:00
Total
Forward - 60:00
Defense - 60:00
|
Play-by-Play
1st period
0:01 of 1st period - Nicklas Backstrom wins face-off versus Anze Kopitar in neutral zone.
0:06 of 1st period - Keith Aulie is hit by Nicklas Backstrom and loses puck.
0:13 of 1st period - Brandon Gormley is hit by Keith Aulie.
0:27 of 1st period - Blake Pietila is hit by Marcus Johansson and loses puck.
1:40 of 1st period - Snap shot by Marcus Foligno.
1:40 of 1st period - Stopped by Cory Schneider with a rebound.
1:58 of 1st period - Snap shot by Derek Stepan.
1:58 of 1st period - Shot Blocked by Cody Hodgson.
2:00 of 1st period - Wrist shot by Brendan Gallagher.
2:00 of 1st period - Stopped by Cory Schneider without a rebound.
2:01 of 1st period - Derek Stepan wins face-off versus Jujhar Khaira in Capitals zone.
2:02 of 1st period - Wrist shot by Brendan Gallagher.
2:02 of 1st period - Stopped by Cory Schneider with a rebound.
2:04 of 1st period - Wrist shot by Ben Lovejoy.
2:04 of 1st period - Shot Misses the Net.
2:06 of 1st period - Wrist shot by Brendan Gallagher.
2:06 of 1st period - Shot Misses the Net.
2:08 of 1st period - Slapshot by Brendan Gallagher.
2:08 of 1st period - Shot Misses the Net.
2:10 of 1st period - Slapshot by Ben Lovejoy.
2:10 of 1st period - Shot Misses the Net.
2:12 of 1st period - Slapshot by Nick Leddy.
2:12 of 1st period - Deflect By Derek Stepan.
2:12 of 1st period - Stopped by Cory Schneider with a rebound.
2:36 of 1st period - Snap shot by Cal Clutterbuck.
2:36 of 1st period - Shot Blocked by Brandon Burlon.
2:38 of 1st period - Slapshot by Danny DeKeiser.
2:38 of 1st period - Shot Misses the Net.
2:40 of 1st period - Slapshot by Brandon Tanev.
2:40 of 1st period - Shot Blocked by Joe Colborne.
2:54 of 1st period - Slapshot by Phil Kessel.
2:54 of 1st period - Deflect By Anze Kopitar.
2:54 of 1st period - Shot Misses the Net.
2:54 of 1st period - Puck is out of play.
2:55 of 1st period - Anze Kopitar wins face-off versus Cody Hodgson in Penguins zone.
3:00 of 1st period - Slapshot by Anze Kopitar.
3:00 of 1st period - Shot Misses the Net.
3:14 of 1st period - Snap shot by Cody Hodgson.
3:14 of 1st period - Shot Misses the Net.
3:30 of 1st period - Snap shot by Blake Pietila.
3:30 of 1st period - Shot Misses the Net.
3:32 of 1st period - Slapshot by Shea Theodore.
3:32 of 1st period - Stopped by Andrei Vasilevskiy with a rebound.
3:34 of 1st period - Wrist shot by Blake Pietila.
3:34 of 1st period - Goal by Blake Pietila - Capitals : 1 - Penguins : 0.
3:35 of 1st period - Derek Stepan wins face-off versus Nicklas Backstrom in neutral zone.
3:37 of 1st period - Minor Penalty to Marcus Johansson for Interference.
3:38 of 1st period - Nicklas Backstrom wins face-off versus Anze Kopitar in Penguins zone.
3:40 of 1st period - Wrist shot by Patrick Kane.
3:40 of 1st period - Stopped by Andrei Vasilevskiy without a rebound.
3:41 of 1st period - Nicklas Backstrom wins face-off versus Anze Kopitar in Penguins zone.
4:52 of 1st period - Danny DeKeiser is hit by Blake Pietila and loses puck.
5:37 of 1st period - Penalty to Marcus Johansson is over, Marcus Johansson is back on ice.
5:50 of 1st period - Danny DeKeiser is hit by Jeff Skinner and loses puck.
6:15 of 1st period - Snap shot by JT Compher.
6:15 of 1st period - Shot Misses the Net.
6:35 of 1st period - Alexei Marchenko is hit by Nick Leddy and loses puck.
6:40 of 1st period - Snap shot by Max Reinhart.
6:40 of 1st period - Stopped by Cory Schneider without a rebound.
6:41 of 1st period - Max Reinhart wins face-off versus Nicklas Backstrom in Capitals zone.
6:42 of 1st period - Wrist shot by Cal Clutterbuck.
6:42 of 1st period - Deflect By Max Reinhart.
6:42 of 1st period - Stopped by Cory Schneider without a rebound.
6:43 of 1st period - Derek Stepan wins face-off versus Nicklas Backstrom in Capitals zone.
7:00 of 1st period - Snap shot by Nicklas Backstrom.
7:00 of 1st period - Stopped by Andrei Vasilevskiy without a rebound.
7:01 of 1st period - Cody Hodgson wins face-off versus Anze Kopitar in Penguins zone.
7:04 of 1st period - Wrist shot by Cody Hodgson.
7:04 of 1st period - Shot Blocked by Justin Schultz.
7:06 of 1st period - Snap shot by Blake Pietila.
7:06 of 1st period - Stopped by Andrei Vasilevskiy with a rebound.
7:08 of 1st period - Slapshot by Brandon Gormley.
7:08 of 1st period - Shot Blocked by Marcus Foligno.
7:10 of 1st period - Slapshot by Brandon Gormley.
7:10 of 1st period - Stopped by Andrei Vasilevskiy without a rebound.
7:11 of 1st period - Anze Kopitar wins face-off versus Cody Hodgson in Penguins zone.
7:13 of 1st period - Minor Penalty to Anze Kopitar for Holding Stick.
7:14 of 1st period - Nicklas Backstrom wins face-off versus Derek Stepan in Penguins zone.
7:14 of 1st period - Wrist shot by Taylor Hall.
7:14 of 1st period - Shot Misses the Net.
7:48 of 1st period - Snap shot by Cody Hodgson.
7:48 of 1st period - Stopped by Andrei Vasilevskiy without a rebound.
7:49 of 1st period - Cody Hodgson wins face-off versus Max Reinhart in Penguins zone.
8:44 of 1st period - Slapshot by Taylor Hall.
8:44 of 1st period - Stopped by Andrei Vasilevskiy with a rebound.
9:13 of 1st period - Penalty to Anze Kopitar is over, Anze Kopitar is back on ice.
9:26 of 1st period - Wrist shot by JT Compher.
9:26 of 1st period - Stopped by Cory Schneider without a rebound.
9:27 of 1st period - Anze Kopitar wins face-off versus Sergey Kalinin in Capitals zone.
9:36 of 1st period - Snap shot by Marcus Foligno.
9:36 of 1st period - Shot Misses the Net.
9:38 of 1st period - Slapshot by Anze Kopitar.
9:38 of 1st period - Stopped by Cory Schneider with a rebound.
9:40 of 1st period - Wrist shot by Timo Meier.
9:40 of 1st period - Shot Misses the Net.
9:44 of 1st period - Snap shot by Marcus Foligno.
9:44 of 1st period - Stopped by Cory Schneider with a rebound.
10:20 of 1st period - Icing by Nick Leddy.
10:21 of 1st period - Patrick Kane wins face-off versus Brendan Gallagher in Penguins zone.
10:22 of 1st period - Slapshot by Nicklas Backstrom.
10:22 of 1st period - Stopped by Andrei Vasilevskiy with a rebound.
10:24 of 1st period - Snap shot by Patrick Kane.
10:24 of 1st period - Stopped by Andrei Vasilevskiy with a rebound.
10:26 of 1st period - Slapshot by Shea Theodore.
10:26 of 1st period - Shot Misses the Net.
10:28 of 1st period - Slapshot by Patrick Kane.
10:28 of 1st period - Shot Blocked by Nick Leddy.
10:34 of 1st period - Wrist shot by Taylor Hall.
10:34 of 1st period - Stopped by Andrei Vasilevskiy without a rebound.
10:35 of 1st period - Nicklas Backstrom wins face-off versus Anze Kopitar in Penguins zone.
10:46 of 1st period - Slapshot by Patrick Kane.
10:46 of 1st period - Stopped by Andrei Vasilevskiy without a rebound.
10:47 of 1st period - Anze Kopitar wins face-off versus Nicklas Backstrom in Penguins zone.
11:14 of 1st period - Blake Pietila is hit by Brendan Gallagher and loses puck.
11:31 of 1st period - Minor Penalty to Brendan Gallagher for High sticking.
11:32 of 1st period - Nicklas Backstrom wins face-off versus Cal Clutterbuck in Penguins zone.
11:41 of 1st period - Snap shot by Patrick Kane.
11:41 of 1st period - Goal by Patrick Kane - Capitals : 2 - Penguins : 0.
11:42 of 1st period - Anze Kopitar wins face-off versus Nicklas Backstrom in neutral zone.
11:47 of 1st period - Wrist shot by Anze Kopitar.
11:47 of 1st period - Shot Misses the Net.
12:29 of 1st period - Off-side.
12:30 of 1st period - Bobby Ryan wins face-off versus Sebastian Aho in neutral zone.
12:33 of 1st period - Snap shot by Jujhar Khaira.
12:33 of 1st period - Stopped by Andrei Vasilevskiy without a rebound.
12:34 of 1st period - Sebastian Aho wins face-off versus Joe Colborne in Penguins zone.
12:44 of 1st period - Snap shot by Brandon Gormley.
12:44 of 1st period - Deflect By Joe Colborne.
12:44 of 1st period - Shot Misses the Net.
12:44 of 1st period - Puck is out of play.
12:45 of 1st period - Anze Kopitar wins face-off versus Nicklas Backstrom in Penguins zone.
12:56 of 1st period - Slapshot by Brandon Gormley.
12:56 of 1st period - Shot Misses the Net.
13:17 of 1st period - Snap shot by Phil Kessel.
13:17 of 1st period - Shot Blocked by Justin Schultz.
13:19 of 1st period - Snap shot by Cody Hodgson.
13:19 of 1st period - Shot Misses the Net.
13:21 of 1st period - Slapshot by Brandon Gormley.
13:21 of 1st period - Deflect By Phil Kessel.
13:21 of 1st period - Stopped by Andrei Vasilevskiy with a rebound.
13:23 of 1st period - Slapshot by Mike Green.
13:23 of 1st period - Deflect By Justin Schultz.
13:23 of 1st period - Stopped by Andrei Vasilevskiy with a rebound.
13:41 of 1st period - Snap shot by Oscar Klefbom.
13:41 of 1st period - Shot Misses the Net.
13:43 of 1st period - Slapshot by Oscar Klefbom.
13:43 of 1st period - Shot Misses the Net.
14:32 of 1st period - Wrist shot by Derek Stepan.
14:32 of 1st period - Stopped by Cory Schneider with a rebound.
14:38 of 1st period - Derek Stepan is hit by Patrick Kane and loses puck.
15:02 of 1st period - Icing by Cal Clutterbuck.
15:03 of 1st period - Cody Hodgson wins face-off versus Max Reinhart in Penguins zone.
15:22 of 1st period - Wrist shot by Cal Clutterbuck.
15:22 of 1st period - Stopped by Cory Schneider with a rebound.
15:24 of 1st period - Snap shot by Max Reinhart.
15:24 of 1st period - Shot Blocked by Brandon Burlon.
15:26 of 1st period - Slapshot by Brandon Tanev.
15:26 of 1st period - Shot Blocked by Brandon Burlon.
16:06 of 1st period - Slapshot by Cal Clutterbuck.
16:06 of 1st period - Deflect By Brandon Tanev.
16:06 of 1st period - Stopped by Cory Schneider without a rebound.
16:07 of 1st period - Anze Kopitar wins face-off versus Nicklas Backstrom in Capitals zone.
16:08 of 1st period - Snap shot by Marcus Foligno.
16:08 of 1st period - Stopped by Cory Schneider without a rebound.
16:09 of 1st period - Nicklas Backstrom wins face-off versus Anze Kopitar in Capitals zone.
16:09 of 1st period - Nicklas Backstrom is hit by Timo Meier.
17:34 of 1st period - Slapshot by Cody Hodgson.
17:34 of 1st period - Shot Misses the Net.
17:36 of 1st period - Wrist shot by Phil Kessel.
17:36 of 1st period - Shot Blocked by Nick Leddy.
17:38 of 1st period - Slapshot by Brandon Burlon.
17:38 of 1st period - Shot Misses the Net.
17:50 of 1st period - Derek Stepan is hit by Jujhar Khaira and loses puck.
18:03 of 1st period - Snap shot by Brendan Gallagher.
18:03 of 1st period - Stopped by Cory Schneider with a rebound.
18:53 of 1st period - Alexei Marchenko is hit by Brandon Tanev and loses puck.
19:14 of 1st period - Justin Schultz is hit by Nicklas Backstrom and loses puck.
19:43 of 1st period - Wrist shot by Anze Kopitar.
19:43 of 1st period - Stopped by Cory Schneider with a rebound.
Goals for this period are 2 for Capitals vs 0 for Penguins.
Shots for this period are 16 for Capitals vs 15 for Penguins.
2nd period
0:01 of 2nd period - Nicklas Backstrom wins face-off versus Anze Kopitar in neutral zone.
0:08 of 2nd period - Snap shot by Nicklas Backstrom.
0:08 of 2nd period - Stopped by Andrei Vasilevskiy with a rebound.
0:10 of 2nd period - Snap shot by Brandon Gormley.
0:10 of 2nd period - Capitals goal is going for a video replay.
0:10 of 2nd period - The goal is refused. The attacking player has interfered with a goalkeeper in his goal crease..
0:11 of 2nd period - Nicklas Backstrom wins face-off versus Anze Kopitar in Penguins zone.
0:24 of 2nd period - Anze Kopitar is hit by Taylor Hall and loses puck.
0:37 of 2nd period - Phil Kessel is hit by Brendan Gallagher and loses puck.
0:46 of 2nd period - Snap shot by Marcus Johansson.
0:46 of 2nd period - Deflect By Derek Stepan.
0:46 of 2nd period - Stopped by Cory Schneider with a rebound.
0:48 of 2nd period - Snap shot by Derek Stepan.
0:48 of 2nd period - Stopped by Cory Schneider without a rebound.
0:49 of 2nd period - Nicklas Backstrom wins face-off versus Anze Kopitar in Capitals zone.
1:03 of 2nd period - Minor Penalty to Anze Kopitar for Slashing.
1:04 of 2nd period - Nicklas Backstrom wins face-off versus Derek Stepan in Penguins zone.
1:15 of 2nd period - Off-side.
1:16 of 2nd period - Derek Stepan wins face-off versus Nicklas Backstrom in neutral zone.
1:19 of 2nd period - Slapshot by Danny DeKeiser.
1:19 of 2nd period - Stopped by Cory Schneider with a rebound.
3:03 of 2nd period - Penalty to Anze Kopitar is over, Anze Kopitar is back on ice.
3:32 of 2nd period - Slapshot by Bobby Ryan.
3:32 of 2nd period - Stopped by Andrei Vasilevskiy without a rebound.
3:33 of 2nd period - Joe Colborne wins face-off versus Sebastian Aho in Penguins zone.
3:38 of 2nd period - Snap shot by Bobby Ryan.
3:38 of 2nd period - Stopped by Andrei Vasilevskiy without a rebound.
3:39 of 2nd period - Joe Colborne wins face-off versus Sebastian Aho in Penguins zone.
3:47 of 2nd period - Icing by Keith Aulie.
3:48 of 2nd period - Nicklas Backstrom wins face-off versus Sebastian Aho in Penguins zone.
4:33 of 2nd period - Snap shot by Anze Kopitar.
4:33 of 2nd period - Stopped by Cory Schneider without a rebound.
4:34 of 2nd period - Joe Colborne wins face-off versus Anze Kopitar in Capitals zone.
4:59 of 2nd period - Taylor Hall is hit by Brendan Gallagher and loses puck.
5:37 of 2nd period - Icing by Oscar Klefbom.
5:38 of 2nd period - Max Reinhart wins face-off versus Sergey Kalinin in Penguins zone.
5:47 of 2nd period - Wrist shot by Marcus Foligno.
5:47 of 2nd period - Stopped by Cory Schneider with a rebound.
5:49 of 2nd period - Slapshot by Marcus Foligno.
5:49 of 2nd period - Shot Misses the Net.
5:51 of 2nd period - Wrist shot by Timo Meier.
5:51 of 2nd period - Shot Blocked by Sergey Kalinin.
5:53 of 2nd period - Wrist shot by Anze Kopitar.
5:53 of 2nd period - Penguins goal is going for a video replay.
5:53 of 2nd period - The goal is refused. The attacking player has interfered with a goalkeeper in his goal crease..
5:54 of 2nd period - Taylor Hall wins face-off versus Derek Stepan in Capitals zone.
6:01 of 2nd period - Snap shot by Nicklas Backstrom.
6:01 of 2nd period - Stopped by Andrei Vasilevskiy with a rebound.
6:03 of 2nd period - Slapshot by Brandon Gormley.
6:03 of 2nd period - Deflect By Patrick Kane.
6:03 of 2nd period - Shot Blocked by Danny DeKeiser.
6:03 of 2nd period - Puck is out of play.
6:04 of 2nd period - Derek Stepan wins face-off versus Nicklas Backstrom in Penguins zone.
7:01 of 2nd period - Snap shot by Nicklas Backstrom.
7:01 of 2nd period - Stopped by Andrei Vasilevskiy with a rebound.
7:03 of 2nd period - Slapshot by Nicklas Backstrom.
7:03 of 2nd period - Shot Misses the Net.
7:27 of 2nd period - Snap shot by Patrick Kane.
7:27 of 2nd period - Shot Misses the Net.
7:29 of 2nd period - Slapshot by Patrick Kane.
7:29 of 2nd period - Stopped by Andrei Vasilevskiy with a rebound.
7:31 of 2nd period - Snap shot by Patrick Kane.
7:31 of 2nd period - Stopped by Andrei Vasilevskiy with a rebound.
7:33 of 2nd period - Slapshot by Brandon Gormley.
7:33 of 2nd period - Stopped by Andrei Vasilevskiy without a rebound.
7:34 of 2nd period - Anze Kopitar wins face-off versus Blake Pietila in Penguins zone.
8:01 of 2nd period - Ben Lovejoy is hit by Bobby Ryan and loses puck.
8:39 of 2nd period - Icing by Alexei Marchenko.
8:40 of 2nd period - Anze Kopitar wins face-off versus Sergey Kalinin in Capitals zone.
9:13 of 2nd period - Wrist shot by Cal Clutterbuck.
9:13 of 2nd period - Goal by Cal Clutterbuck - Capitals : 2 - Penguins : 1.
9:14 of 2nd period - Anze Kopitar wins face-off versus Taylor Hall in neutral zone.
10:21 of 2nd period - Snap shot by Marcus Foligno.
10:21 of 2nd period - Shot Misses the Net.
10:23 of 2nd period - Wrist shot by Anze Kopitar.
10:23 of 2nd period - Stopped by Cory Schneider without a rebound.
10:24 of 2nd period - Nicklas Backstrom wins face-off versus Marcus Foligno in Capitals zone.
10:24 of 2nd period - Nicklas Backstrom is hit by Marcus Foligno.
10:47 of 2nd period - Icing by Jared Spurgeon.
10:48 of 2nd period - Derek Stepan wins face-off versus Cody Hodgson in Capitals zone.
11:17 of 2nd period - Timo Meier is hit by Patrick Kane and loses puck.
11:24 of 2nd period - Wrist shot by Patrick Kane.
11:24 of 2nd period - Stopped by Andrei Vasilevskiy without a rebound.
11:25 of 2nd period - Nicklas Backstrom wins face-off versus Max Reinhart in Penguins zone.
11:34 of 2nd period - Snap shot by Justin Schultz.
11:34 of 2nd period - Deflect By Taylor Hall.
11:34 of 2nd period - Stopped by Cory Schneider without a rebound.
11:35 of 2nd period - Max Reinhart wins face-off versus Nicklas Backstrom in Capitals zone.
11:44 of 2nd period - Oscar Klefbom is hit by Mike Green and loses puck.
12:39 of 2nd period - Snap shot by Taylor Hall.
12:39 of 2nd period - Shot Misses the Net.
12:47 of 2nd period - Wrist shot by Nicklas Backstrom.
12:47 of 2nd period - Stopped by Andrei Vasilevskiy with a rebound.
13:47 of 2nd period - Snap shot by Brandon Tanev.
13:47 of 2nd period - Shot Blocked by Patrick Kane.
13:49 of 2nd period - Slapshot by Max Reinhart.
13:49 of 2nd period - Shot Misses the Net.
13:51 of 2nd period - Wrist shot by Brandon Tanev.
13:51 of 2nd period - Stopped by Cory Schneider without a rebound.
13:52 of 2nd period - Anze Kopitar wins face-off versus Cody Hodgson in Capitals zone.
14:50 of 2nd period - Steve Downie is hit by Ben Lovejoy and loses puck.
15:03 of 2nd period - Jared Spurgeon is hit by Marcus Foligno.
15:07 of 2nd period - Brandon Burlon is hit by Anze Kopitar and loses puck.
15:22 of 2nd period - Marcus Johansson is hit by Bobby Ryan and loses puck.
15:42 of 2nd period - Keith Aulie is hit by Steve Downie and loses puck.
17:24 of 2nd period - Icing by Joe Colborne.
17:25 of 2nd period - Jujhar Khaira wins face-off versus Marcus Johansson in Capitals zone.
17:32 of 2nd period - Ben Lovejoy is hit by Steve Downie and loses puck.
17:40 of 2nd period - Icing by Nick Leddy.
17:41 of 2nd period - Cody Hodgson wins face-off versus Sebastian Aho in Penguins zone.
17:42 of 2nd period - Wrist shot by Blake Pietila.
17:42 of 2nd period - Shot Misses the Net.
17:56 of 2nd period - Wrist shot by JT Compher.
17:56 of 2nd period - Shot Misses the Net.
18:06 of 2nd period - Slapshot by Cody Hodgson.
18:06 of 2nd period - Stopped by Andrei Vasilevskiy with a rebound.
18:12 of 2nd period - Patrick Kane is hit by Anze Kopitar.
18:34 of 2nd period - Wrist shot by Joe Colborne.
18:34 of 2nd period - Deflect By Jujhar Khaira.
18:34 of 2nd period - Shot Misses the Net.
18:34 of 2nd period - Puck is out of play.
18:35 of 2nd period - Cody Hodgson wins face-off versus Derek Stepan in Penguins zone.
18:36 of 2nd period - Snap shot by Blake Pietila.
18:36 of 2nd period - Shot Misses the Net.
18:38 of 2nd period - Snap shot by Phil Kessel.
18:38 of 2nd period - Shot Misses the Net.
19:00 of 2nd period - Brandon Burlon is hit by Nick Leddy.
19:35 of 2nd period - Taylor Hall is hit by Pavel Zacha and loses puck.
Goals for this period are 0 for Capitals vs 1 for Penguins.
Shots for this period are 12 for Capitals vs 10 for Penguins.
3rd period
0:01 of 3rd period - Cody Hodgson wins face-off versus Timo Meier in neutral zone.
1:52 of 3rd period - Snap shot by Marcus Foligno.
1:52 of 3rd period - Stopped by Cory Schneider without a rebound.
1:53 of 3rd period - Derek Stepan wins face-off versus Blake Pietila in Capitals zone.
1:56 of 3rd period - Wrist shot by Marcus Johansson.
1:56 of 3rd period - Stopped by Cory Schneider with a rebound.
1:58 of 3rd period - Wrist shot by Brendan Gallagher.
1:58 of 3rd period - Stopped by Cory Schneider without a rebound.
1:59 of 3rd period - Brendan Gallagher wins face-off versus Cody Hodgson in Capitals zone.
2:04 of 3rd period - Snap shot by Derek Stepan.
2:04 of 3rd period - Deflect By Marcus Johansson.
2:04 of 3rd period - Shot Misses the Net.
2:04 of 3rd period - Puck is out of play.
2:05 of 3rd period - Cody Hodgson wins face-off versus Timo Meier in Capitals zone.
2:32 of 3rd period - Mike Green is hit by Brendan Gallagher and loses puck.
2:52 of 3rd period - Icing by Derek Stepan.
2:53 of 3rd period - Max Reinhart wins face-off versus Joe Colborne in Penguins zone.
3:56 of 3rd period - Wrist shot by Joe Colborne.
3:56 of 3rd period - Shot Misses the Net.
3:58 of 3rd period - Snap shot by Jujhar Khaira.
3:58 of 3rd period - Deflect By Bobby Ryan.
3:58 of 3rd period - Shot Blocked by Pavel Zacha.
3:58 of 3rd period - Puck is out of play.
3:59 of 3rd period - Cody Hodgson wins face-off versus Anze Kopitar in Penguins zone.
4:56 of 3rd period - Nick Leddy is hit by Sergey Kalinin and loses puck.
5:05 of 3rd period - Snap shot by Brandon Gormley.
5:05 of 3rd period - Stopped by Andrei Vasilevskiy with a rebound.
5:23 of 3rd period - Snap shot by Sebastian Aho.
5:23 of 3rd period - Shot Blocked by Jared Spurgeon.
5:29 of 3rd period - Nick Leddy is hit by Cody Hodgson.
5:34 of 3rd period - Icing by Sebastian Aho.
5:35 of 3rd period - Sebastian Aho wins face-off versus Nicklas Backstrom in Penguins zone.
6:04 of 3rd period - Wrist shot by Marcus Foligno.
6:04 of 3rd period - Shot Misses the Net.
6:24 of 3rd period - Slapshot by Shea Theodore.
6:24 of 3rd period - Shot Blocked by Danny DeKeiser.
6:26 of 3rd period - Slapshot by Shea Theodore.
6:26 of 3rd period - Stopped by Andrei Vasilevskiy with a rebound.
6:30 of 3rd period - Snap shot by Jeff Skinner.
6:30 of 3rd period - Goal by Jeff Skinner - Capitals : 3 - Penguins : 1.
6:31 of 3rd period - Anze Kopitar wins face-off versus Cody Hodgson in neutral zone.
6:58 of 3rd period - Nicklas Backstrom is hit by Derek Stepan and loses puck.
7:38 of 3rd period - Keith Aulie is hit by Jujhar Khaira and loses puck.
7:47 of 3rd period - Wrist shot by Joe Colborne.
7:47 of 3rd period - Shot Misses the Net.
7:49 of 3rd period - Wrist shot by Jujhar Khaira.
7:49 of 3rd period - Shot Blocked by Danny DeKeiser.
7:51 of 3rd period - Wrist shot by Bobby Ryan.
7:51 of 3rd period - Shot Misses the Net.
8:08 of 3rd period - Off-side.
8:09 of 3rd period - Cody Hodgson wins face-off versus Anze Kopitar in neutral zone.
8:27 of 3rd period - Justin Schultz is hit by Cody Hodgson and loses puck.
8:58 of 3rd period - Oscar Klefbom is hit by Steve Downie and loses puck.
9:50 of 3rd period - Bobby Ryan is hit by Cal Clutterbuck and loses puck.
10:20 of 3rd period - Sebastian Aho is hit by Cody Hodgson and loses puck.
10:27 of 3rd period - Snap shot by Phil Kessel.
10:27 of 3rd period - Stopped by Andrei Vasilevskiy without a rebound.
10:28 of 3rd period - Nicklas Backstrom wins face-off versus Anze Kopitar in Penguins zone.
11:09 of 3rd period - Minor Penalty to Brandon Tanev for Holding.
11:10 of 3rd period - Blake Pietila wins face-off versus Cal Clutterbuck in Penguins zone.
11:20 of 3rd period - Slapshot by Brandon Gormley.
11:20 of 3rd period - Stopped by Andrei Vasilevskiy with a rebound.
11:22 of 3rd period - Snap shot by Cody Hodgson.
11:22 of 3rd period - Stopped by Andrei Vasilevskiy without a rebound.
11:23 of 3rd period - Anze Kopitar wins face-off versus Nicklas Backstrom in Penguins zone.
12:43 of 3rd period - Derek Stepan is hit by Patrick Kane and loses puck.
13:09 of 3rd period - Penalty to Brandon Tanev is over, Brandon Tanev is back on ice.
13:22 of 3rd period - Wrist shot by Steve Downie.
13:22 of 3rd period - Shot Misses the Net.
13:27 of 3rd period - Icing by Marcus Foligno.
13:28 of 3rd period - Sergey Kalinin wins face-off versus Max Reinhart in Penguins zone.
14:17 of 3rd period - Snap shot by Pavel Zacha.
14:17 of 3rd period - Stopped by Cory Schneider with a rebound.
14:19 of 3rd period - Snap shot by JT Compher.
14:19 of 3rd period - Deflect By Cody Hodgson.
14:19 of 3rd period - Shot Misses the Net.
14:19 of 3rd period - Puck is out of play.
14:20 of 3rd period - Derek Stepan wins face-off versus Nicklas Backstrom in Capitals zone.
14:28 of 3rd period - Slapshot by Derek Stepan.
14:28 of 3rd period - Stopped by Cory Schneider with a rebound.
14:30 of 3rd period - Slapshot by Derek Stepan.
14:30 of 3rd period - Stopped by Cory Schneider without a rebound.
14:31 of 3rd period - Anze Kopitar wins face-off versus Blake Pietila in Capitals zone.
14:36 of 3rd period - Slapshot by Anze Kopitar.
14:36 of 3rd period - Stopped by Cory Schneider with a rebound.
14:48 of 3rd period - Snap shot by Blake Pietila.
14:48 of 3rd period - Shot Misses the Net.
15:06 of 3rd period - Snap shot by Derek Stepan.
15:06 of 3rd period - Shot Blocked by Brandon Gormley.
16:12 of 3rd period - Snap shot by Patrick Kane.
16:12 of 3rd period - Stopped by Andrei Vasilevskiy with a rebound.
16:14 of 3rd period - Slapshot by Jared Spurgeon.
16:14 of 3rd period - Stopped by Andrei Vasilevskiy with a rebound.
16:38 of 3rd period - Snap shot by JT Compher.
16:38 of 3rd period - Stopped by Cory Schneider with a rebound.
16:44 of 3rd period - Snap shot by Sebastian Aho.
16:44 of 3rd period - Shot Misses the Net.
16:57 of 3rd period - Minor Penalty to Brandon Tanev for Interference.
16:58 of 3rd period - Nicklas Backstrom wins face-off versus Anze Kopitar in Penguins zone.
18:57 of 3rd period - Penalty to Brandon Tanev is over, Brandon Tanev is back on ice.
19:02 of 3rd period - Snap shot by Derek Stepan.
19:02 of 3rd period - Stopped by Cory Schneider without a rebound.
19:03 of 3rd period - Joe Colborne wins face-off versus Anze Kopitar in Capitals zone.
19:03 of 3rd period - Joe Colborne is hit by Timo Meier.
Goals for this period are 1 for Capitals vs 0 for Penguins.
Shots for this period are 8 for Capitals vs 9 for Penguins.